 Dungeon Crawl Stone Soup version 0.30.1 (webtiles) character file.

Game seed: 17123495231806460759

170 hawla the Firebug (level 6, -7/47 HPs)
             Began as a Meteoran Fire Elementalist on July 9, 2023.
             Mangled by a black bear (12 damage)
             ... on level 6 of the Dungeon.
             The game lasted 00:01:57 (398 turns).

hawla the Firebug (Meteoran Fire Elementalist)       Turns: 398, Time: 00:01:57

Health: -7/47      AC: -6    Str: 11    XL:     6   Next: 8%
Magic:  3/13       EV: 13    Int: 18    God:
Gold:   37         SH:  0    Dex: 14    Spells: 10/13 levels left

rFire   . . .        (no weapon)
rCold   . . .        (no shield)
rNeg    . . .        a - +0 robe
rPois   .            (no helmet)
rElec   .            (no cloak)
rCorr   .            (no gloves)
SInv    .            (no boots)
Will    .....        (no amulet)
Stlth   +            (no ring)
HPRegen 0.27/turn    (no ring)
MPRegen 0.13/turn

%: no passive effects
@: corroded, glowing
A: sense surroundings 1, otherworldly, glowing, explore regen
a: no special abilities


You were on level 6 of the Dungeon.
You visited 1 branch of the dungeon, and saw 4 of its levels.

You collected 37 gold pieces.

Inventory:

Armour
 a - a +0 robe (worn)
Potions
 d - a potion of attraction


   Skills:
 + Level 1.0 Fighting
 + Level 3.1 Dodging
 - Level 1.4 Stealth
 + Level 4.4 Spellcasting
 + Level 2.0 Conjurations
 + Level 5.4 Fire Magic


You had 10 spell levels left.
You knew the following spells:

 Your Spells              Type           Power      Damage    Failure   Level
a - Foxfire               Conj/Fire      68%        2x1d7     3%          1
b - Scorch                Fire           46%        2d7       2%          2

Your spell library contained the following spells:

 Spells                   Type           Power      Damage    Failure   Level
 Inner Flame              Hex/Fire       13%        N/A       14%         3
 Volatile Blastmotes      Fire/Tloc      26%        2d12      14%         3
 Flame Wave               Conj/Fire      17%        2d7       30%         4


Dungeon Overview and Level Annotations

Branches:
Dungeon (6/15) Zot: 2001
 Temple: D:4-7

Altars:
Ashenzari


Innate Abilities, Weirdness & Mutations

You passively map a small area around you.
You are easily found by Zot.
You glow in the dark.
You regain HP and MP as you explore.


Message History

The creatures around you are filled with an inner flame!
It was a scroll of immolation.
The air fills with toxic fumes!
As you read the scroll labelled HUYZOELL OMPIGH, it crumbles to dust.
It was a scroll of poison.
As you read the scroll labelled ENIYTU QOGRA, it crumbles to dust.
It is a scroll of identify.
d - a potion of attraction
Casting: Scorch (safe; 2% risk of failure)
Confirm with . or Enter, or press ? or * to list all spells.
You conjure some foxfire!
The foxfire hits the iguana but does no damage. x2
The black bear is engulfed in poison gas.
The black bear is poisoned.
Flame seeps out of the black bear.
Unknown command.
Casting: Foxfire (safe; 3% risk of failure)
Confirm with . or Enter, or press ? or * to list all spells.
You conjure some foxfire!
Flame seeps out of the black bear.
The black bear is engulfed in poison gas.
The black bear looks even sicker.
Flame seeps out of the black bear.
The foxfire hits the iguana.
Flame seeps out of the iguana.
The iguana is lightly wounded.
The foxfire hits the iguana.
Flame seeps out of the iguana.
The iguana is lightly wounded.
The iguana is engulfed in blazing flames.
Flame seeps out of the iguana.
The black bear is engulfed in poison gas.
The black bear looks even sicker.
Flame seeps out of the black bear.
The iguana is poisoned.
The iguana bites you!
* * * LOW HITPOINT WARNING * * *
The black bear is engulfed in poison gas.
The black bear looks as sick as possible!
Flame seeps out of the black bear.
The black bear goes berserk!
Unknown command.
Okay, then.
Flame seeps out of the iguana.
Flame seeps out of the black bear.
The black bear is engulfed in poison gas.
The black bear looks as sick as possible!
Flame seeps out of the black bear.
The black bear bites you!
You die...

,..,#............,
,
.....#§...#......
,
...§.#§..##......,
,
...§○#☼§##.......
,
....§☼§○§#☼.......
, ....§☼§☼§☼§.#*
.. ,, ,
...###§§§○☼##*, .
, , .. ,*#.#§§h§#,
, ,* , , ###☼☼l@#
,* , §§.§§°§§# , ,
○○§§○§☼§§ ,
.§§☼§§§##☼§ , ,, *
,.§§§§§§# §§☼ , ,
.§☼§§§§ §§§§ ,
§§§§○. ,§☼☼○§* , ,
§§#§○ §§§§§○ , * ,


You could see a black bear (berserk, inner flame, extremely poisoned) and an
iguana (inner flame, poisoned).

Vanquished Creatures
  A sky beast (D:6)
  A jelly (D:6)
  A hound (D:6)
  An adder (D:3)
  2 ball pythons (D:2)
  A goblin (D:2)
  3 jackals (D:2)
  3 rats
13 creatures vanquished.

Vanquished Creatures (others)
  36 foxfires
36 creatures vanquished.

Grand Total: 49 creatures vanquished

Notes
Turn   | Place    | Note
-------+----------+-------------------------------------------
     0 | D:1      | hawla the Meteoran Fire Elementalist began the quest for
                  | the Orb.
     0 | D:1      | Reached XP level 1. HP: 14/14 MP: 5/5
    49 | D:2      | Found a broken altar of Ashenzari.
    62 | D:2      | Reached XP level 2. HP: 9/20 MP: 1/7
    65 | D:2      | Learned a level 2 spell: Scorch
   266 | D:3      | Reached skill level 4 in Fire Magic
   266 | D:3      | Reached XP level 3. HP: 27/27 MP: 4/8
   363 | D:3      | You fall into a shaft and drop 3 floors!
   374 | D:6      | Noticed a sky beast
   380 | D:6      | Reached XP level 4. HP: 26/34 MP: 0/10
   387 | D:6      | Killed a sky beast
   388 | D:6      | Reached skill level 1 in Fighting
   388 | D:6      | Reached skill level 5 in Fire Magic
   388 | D:6      | Reached XP level 5. HP: 20/40 MP: 8/12
   388 | D:6      | Noticed a black bear
   390 | D:6      | Reached XP level 6. HP: 14/47 MP: 4/13
   398 | D:6      | Mangled by a black bear

Illustrated notes

Levels and vault maps discovered:
D:1:      evilmike_arrival_hilbert_curve, layout_basic
D:2:      layout_basic, basic_altar, uniq_crazy_yiuf_cottage
D:3:      layout_loops_corners, serial_shops, shop
D:6:      layout_cave_pools

Skill      XL: |  1  2  3  4  5 |
---------------+----------------+-----
Spellcasting   | 3 4 |  4.4
Fire Magic     | 4 5 |  5.4
Fighting       | 1 |  1.0
Dodging        | 3 |  3.1
Conjurations   | 2 |  2.0
Stealth        | |  1.4

Action                     |  1- 3 |  4- 6 || total
---------------------------+-------+-------++-------
  Melee: Unarmed           |     7 |       ||     7
   Cast: Foxfire           |    18 |     2 ||    20
         Scorch            |     3 |     4 ||     7
    Use: Potion            |       |     1 ||     1
         Scroll            |       |     3 ||     3
 Armour: Robe              |     4 |     4 ||     8
  Dodge: Dodged            |    10 |     1 ||    11
